 Dungeon Crawl Stone Soup version 0.30-a0-1016-gfb0d676c02 (webtiles) character file.

Game seed: 14769992820702741870

60 HoaS the Shooter (level 4, -1/33 HPs)
             Began as a Formicid Hunter on Apr 6, 2023.
             Succumbed to a gnoll's poison
             ... on level 2 of the Dungeon.
             The game lasted 00:02:06 (1342 turns).

HoaS the Shooter (Formicid Hunter)                  Turns: 1342, Time: 00:02:06

Health: -1/33      AC:  5    Str: 15    XL:     4   Next: 25%
Magic:  3/3        EV: 12    Int:  9    God:
Gold:   137        SH:  0    Dex: 19    Spells: 3/3 levels left

rFire   . . .      SeeInvis +    a - +0 shortbow
rCold   + . .      Faith    .    (no shield)
rNeg    . . .      Spirit   .    c - +0 leather armour
rPois   .          Reflect  .    (helmet unavailable)
rElec   .          Rampage  .    (no cloak)
rCorr   .                        (no gloves)
Will    .....                    (no boots)
Stlth   ++                       (no amulet)
HPRegen 0.25/turn                h - ring of protection from cold
MPRegen 0.08/turn                (no ring)

@: lethally poisoned (-1 -> -18)
A: permanent stasis, dig shafts and tunnels, antennae 3, four strong arms,
iridescent scales 1, low MP 1
a: Dig, Shaft Self


You were on level 2 of the Dungeon.
You visited 1 branch of the dungeon, and saw 3 of its levels.

You collected 137 gold pieces.

Inventory:

Hand Weapons
 a - a +0 shortbow (weapon)
Armour
 c - a +0 leather armour (worn)
Jewellery
 h - a ring of protection from cold (left hand)
Scrolls
 b - a scroll of immolation
Potions
 d - a potion of attraction
 g - a potion of heal wounds {unknown}


   Skills:
 - Level 2.1 Fighting
 + Level 5.5 Ranged Weapons
 - Level 1.7 Dodging
 - Level 1.2 Stealth


You had 3 spell levels left.
You didn't know any spells.
Your spell library was empty.

Dungeon Overview and Level Annotations

Branches:
Dungeon (3/15)

Altars:
Xom


Innate Abilities, Weirdness & Mutations

You cannot be hasted, slowed, berserked, paralysed or teleported.
You can dig through walls and to a lower floor.
You have a pair of large antennae on your head. (SInv)
Your four strong arms can wield two-handed weapons with a shield.
You are partially covered in iridescent scales. (AC +2)
Your magical capacity is low. (-10% MP)


Message History

A gnoll is nearby!
You shoot an arrow. The arrow closely misses the gnoll.
You shoot an arrow. The arrow closely misses the gnoll.
A gnoll comes into view. It is wielding a +0 spear of venom.
You shoot an arrow. The gnoll shouts!
The arrow hits the gnoll!
The gnoll is severely wounded.
A gnoll comes into view. It is wielding a +0 whip.
You shoot an arrow. The arrow hits the gnoll.
You kill the gnoll!
A quokka comes into view.
The quokka moves out of view.
You shoot an arrow. The arrow hits the gnoll.
The gnoll is moderately wounded.
You shoot an arrow. The arrow closely misses the gnoll.
You shoot an arrow. The arrow barely misses the gnoll.
The arrow hits the gnoll.
The gnoll is heavily wounded.
The gnoll hits you from afar with a +0 spear of venom.
You are poisoned.
You shoot an arrow. The arrow completely misses the gnoll.
The arrow hits the gnoll but does no damage.
The gnoll is heavily wounded.
You feel very sick. The gnoll closely misses you.
The gnoll hits you from afar with a +0 spear of venom.
You are more poisoned.
You feel very sick.
The gnoll hits you from afar with a +0 spear of venom!
You are more poisoned.
You climb upwards.
* * * LOW HITPOINT WARNING * * *
You feel extremely sick.
There is a stone staircase leading down here.
There is a lethal amount of poison in your body!
It was a potion of mutation.
You feel extremely strange.
Iridescent scales grow over part of your body.
You feel less energetic.
You die...

.# #.# #.#### #.# .# #.# #.# #.#
.# #.# #.# ####.##### .# #.# #.#
#......... .#########.# #.#
#.#####.#.
........##.#######.#####.##...#.#
#######.##.#.............##.##.#.
#........[..#####.####..##.#.#.#
#.####.##......@..##........##.#
#.# #...............#..##......
##.# ####.#.########.#..###.##.#
...# #...[....# #.#.........#
#### ###.####.###.#.####.#.#.
#............# #.##.#
######.###...# #.####
#.###.#.####...##
#............#...


There were no monsters in sight!

Vanquished Creatures
  A gnoll (D:3)
  2 adders (D:2)
  A dart slug (D:1)
  4 endoplasms
  4 giant cockroaches
  A goblin (D:1)
  3 hobgoblins
  2 quokkas (D:1)
  2 ball pythons (D:1)
  2 frilled lizards
  2 kobolds (D:1)
  8 rats
32 creatures vanquished.

Notes
Turn   | Place    | Note
-------+----------+-------------------------------------------
     0 | D:1      | HoaS the Formicid Hunter began the quest for the Orb.
     0 | D:1      | Reached XP level 1. HP: 16/16 MP: 1/1
   148 | D:1      | Reached XP level 2. HP: 22/22 MP: 2/2
   406 | D:1      | Reached XP level 3. HP: 27/27 MP: 3/3
   678 | D:2      | Reached skill level 5 in Ranged Weapons
   910 | D:2      | Found a shimmering altar of Xom.
  1113 | D:2      | Reached XP level 4. HP: 33/33 MP: 4/4
  1342 | D:2      | Gained mutation: You are partially covered in iridescent
                  | scales. (AC +2) [potion of mutation]
  1342 | D:2      | Gained mutation: Your magical capacity is low. (-10% MP)
                  | [potion of mutation]
  1342 | D:2      | Succumbed to a gnoll's poison

Illustrated notes

Levels and vault maps discovered:
D:1:      heliophobic_arrival_henge, layout_basic
D:2:      layout_loops_ring, basic_altar
D:3:      wander_river, layout_rooms

Skill      XL: |  1  2  3 |
---------------+----------+-----
Ranged Weapons | 5 |  5.5
Fighting       | |  2.1
Dodging        | |  1.7
Stealth        | |  1.2

Action                     |  1- 3 |  4- 6 || total
---------------------------+-------+-------++-------
   Fire: Shortbow          |    63 |     9 ||    72
    Use: Scroll            |     2 |     1 ||     3
         Potion            |       |     1 ||     1
 Armour: Leather armour    |     1 |       ||     1
  Dodge: Dodged            |     2 |     1 ||     3

Table legend: (Time is in decaauts)
 A = Elapsed time spent in this place.
 B = Non-inter-level travel time spent in this place.
 C = Inter-level travel time spent in this place.
 D = Time resting spent in this place.
 E = Time spent auto-exploring this place.
 F = Levels seen in this place.
 G = Mean time per level.
                   A        B        C        D        E       F      G
               +--------+--------+--------+--------+--------+-----+--------+
         Total |   1362 |   1309 |     53 |      0 |   1129 |   3 |  454.0 |
       Dungeon |   1362 |   1309 |     53 |      0 |   1129 |   3 |  454.0 |
               +--------+--------+--------+--------+--------+-----+--------+

Top non-repeatable levels by time:
     D:1: 686 daAuts
     D:2: 663 daAuts
     D:3: 12 daAuts
